SKY
VANCOUVER CASCADES @ ST. LOUIS CARDINALS
05/20/2052
 
TOP OF THE 1ST
Vancouver Cascades batting - Pitching for St. Louis Cardinals : RHP Jamison Bond
Pitching: RHP Jamison Bond
Batting: LHB Rey Esparza 0-0: Called Strike
0-1: Called Strike
0-2: Strikes out looking
Batting: LHB Tony Patino 0-0: Ball
1-0: Called Strike
1-1: Fly out, F6 (Popup, 6M, EV 55.6 MPH)
Batting: LHB Lawrence Carla 0-0: Ball
1-0: Foul Ball, location: 2F
1-1: Called Strike
1-2: Ball
2-2: Foul Ball, location: 3SF
2-2: Fly out, F8 (Line Drive, 8LD, EV 101.9 MPH)
Top of the 1st over - 0 runs, 0 hits, 0 errors, 0 left on base; Vancouver 0 - St. Louis 0
BOTTOM OF THE 1ST
St. Louis Cardinals batting - Pitching for Vancouver Cascades : LHP Korbin Hiebert
Pitching: LHP Korbin Hiebert
Batting: SHB Joseph Mitchell 0-0: Called Strike
0-1: Ball
1-1: Ball
2-1: Foul Ball, location: 9LSF
2-2: Foul Ball, location: 2F
2-2: Foul Ball, location: 3SF
2-2: Ball
3-2: Foul Ball, location: 7LMF
3-2: Base on Balls
Batting: RHB Bobby Grimm 0-0: Swinging Strike
0-1: SINGLE (Line Drive, 56D, EV 97.5 MPH)
Joseph Mitchell to second
Batting: RHB Edward Lepak 0-0: Called Strike
0-1: Fly out, F9 (Line Drive, 89D, EV 90.6 MPH)
Runner from 2nd tags up, SAFE at 3rd, no throw by RF
Batting: RHB Dan Moore 0-0: Ball
1-0: Called Strike
1-1: Swinging Strike
1-2: Ball
2-2: DOUBLE (Flyball, 78D, EV 101.3 MPH)
Joseph Mitchell scores
Bobby Grimm to third
Batting: SHB Sammy Horgan 0-0: Called Strike
0-1: Swinging Strike
0-2: Ball
1-2: Ball
2-2: Fly out, F9 (Flyball, 9S, EV 84.4 MPH)
Batting: RHB Paco Paredes 0-0: Called Strike
0-1: Swinging Strike
0-2: Ball
1-2: 3-RUN HOME RUN (Flyball, 7D, EV 95.0 MPH), Distance : 376 ft
Batting: LHB Josef Rosendorff 0-0: Ball
1-0: Ball
2-0: Fly out, F5 (Popup, 5SF, EV 76.3 MPH)
Bottom of the 1st over - 4 runs, 3 hits, 0 errors, 0 left on base; Vancouver 0 - St. Louis 4
TOP OF THE 2ND
Vancouver Cascades batting - Pitching for St. Louis Cardinals : RHP Jamison Bond
Batting: LHB Tony Wichmann 0-0: Called Strike
0-1: Ball
1-1: Ball
2-1: Ball
3-1: Base on Balls
Batting: RHB Echo Warren 0-0: Ball
1-0: Called Strike
1-1: Ball
2-1: Ball
3-1: SINGLE (Groundball, 56D, EV 107.5 MPH)
Tony Wichmann to second
Batting: SHB Beau Koss 0-0: Called Strike
0-1: Ball
1-1: Ball
2-1: Ball
3-1: Foul Ball, location: 7LDF
3-2: Strikes out swinging
Batting: SHB Asher Wurtz 0-0: Ball
1-0: Fielders Choice at 2nd, 4-6 (Groundball, 4, EV 96.9 MPH)
Tony Wichmann to third
Batting: RHB Juan Izquierdo 0-0: SINGLE (Line Drive, 89M, EV 91.9 MPH)
Tony Wichmann scores
Asher Wurtz to second
Runner from 2nd tries for 3rd, SAFE, throw by RF made to third
Batting: RHB Adam Young 0-0: Called Strike
0-1: Swinging Strike
0-2: Ball
1-2: Fielders Choice at 2nd, 6-4 (Groundball, 6, EV 81.3 MPH)
Top of the 2nd over - 1 run, 2 hits, 0 errors, 2 left on base; Vancouver 1 - St. Louis 4
BOTTOM OF THE 2ND
St. Louis Cardinals batting - Pitching for Vancouver Cascades : LHP Korbin Hiebert
Batting: SHB Lucas Cavanaugh 0-0: Ball
1-0: Ball
2-0: Ball
3-0: Base on Balls
Batting: LHB Marcus Jones 0-0: Fly out, F8 (Flyball, 8RXD, EV 104.4 MPH)
Batting: SHB Joseph Mitchell 0-0: Ground out 6-3 (Groundball, 6, EV 66.9 MPH)
Lucas Cavanaugh to second
Batting: RHB Bobby Grimm 0-0: Ball
1-0: Called Strike
1-1: Foul Ball, location: 25FF
1-2: Foul Ball, location: 2F
1-2: Fly out, F6 (Popup, 4M, EV 75.0 MPH)
Bottom of the 2nd over - 0 runs, 0 hits, 0 errors, 1 left on base; Vancouver 1 - St. Louis 4
TOP OF THE 3RD
Vancouver Cascades batting - Pitching for St. Louis Cardinals : RHP Jamison Bond
Batting: LHB Rey Esparza 0-0: Foul Ball, location: 2F
0-1: Ball
1-1: Ball
2-1: Called Strike
2-2: Fly out, F8 (Flyball, 8LD, EV 101.9 MPH)
Batting: LHB Tony Patino 0-0: Called Strike
0-1: Swinging Strike
0-2: Ball
1-2: Fly out, F6 (Line Drive, 6, EV 67.5 MPH)
Batting: LHB Lawrence Carla 0-0: Ball
1-0: Swinging Strike
1-1: Ball
2-1: Called Strike
2-2: Ground out 6-3 (Groundball, 6M, EV 93.1 MPH)
Top of the 3rd over - 0 runs, 0 hits, 0 errors, 0 left on base; Vancouver 1 - St. Louis 4
BOTTOM OF THE 3RD
St. Louis Cardinals batting - Pitching for Vancouver Cascades : LHP Korbin Hiebert
Batting: RHB Edward Lepak 0-0: DOUBLE (Line Drive, 78XD, EV 104.4 MPH)
Batting: RHB Dan Moore 0-0: Ball
1-0: Ball
2-0: Called Strike
2-1: Ball
3-1: Called Strike
3-2: Base on Balls
Batting: SHB Sammy Horgan 0-0: Ball
1-0: Called Strike
1-1: Swinging Strike
1-2: Strikes out swinging
Batting: RHB Paco Paredes 0-0: Foul Ball, location: 2F
0-1: Ball
1-1: Called Strike
1-2: Foul Ball, location: 2F
1-2: Foul Ball, location: 2F
1-2: Ball
2-2: Fly out, F8 (Flyball, 8RXD, EV 108.8 MPH)
Runner from 2nd tags up, SAFE at 3rd, no throw by CF
Batting: LHB Josef Rosendorff 0-0: Ball
1-0: Ball
2-0: DOUBLE (Line Drive, 89D, EV 104.4 MPH)
Edward Lepak scores
Dan Moore to third
Pitching: RHP Fulgencio Ochoa
Batting: SHB Lucas Cavanaugh 0-0: Foul Ball, location: 5SF
0-1: Ball
1-1: Ball
2-1: Ball
3-1: Base on Balls
Batting: LHB Marcus Jones 0-0: Called Strike
0-1: SINGLE (Groundball, 34D, EV 105.0 MPH)
Dan Moore scores
Josef Rosendorff to third
Lucas Cavanaugh to second
Runner from 3rd tries for Home, SAFE, throw by RF to home
Batting: SHB Joseph Mitchell 0-0: Foul Ball, location: 7LDF
0-1: Ball
1-1: Foul Ball, location: 3FF
1-2: Ball
2-2: Foul Ball, location: 5SF
2-2: SINGLE (Line Drive, 89S, EV 103.8 MPH)
Lucas Cavanaugh to third
Marcus Jones to second
Runner from 3rd tries for Home, SAFE, throw by RF to home
Batting: RHB Bobby Grimm 0-0: Ball
1-0: Ball
2-0: Foul Ball, location: 23F
2-1: Swinging Strike
2-2: Strikes out swinging
Bottom of the 3rd over - 4 runs, 4 hits, 0 errors, 2 left on base; Vancouver 1 - St. Louis 8
TOP OF THE 4TH
Vancouver Cascades batting - Pitching for St. Louis Cardinals : RHP Jamison Bond
Batting: LHB Tony Wichmann 0-0: Called Strike
0-1: Ball
1-1: DOUBLE (Flyball, 8RXD, EV 107.5 MPH)
Batting: RHB Echo Warren 0-0: Called Strike
0-1: Foul Ball, location: 5FF
0-2: Foul Ball, location: 2F
0-2: Strikes out swinging
Batting: SHB Beau Koss 0-0: Swinging Strike
0-1: Foul Ball, location: 7LSF
0-2: Ground out 6-3 (Groundball, 6, EV 101.3 MPH)
Batting: SHB Asher Wurtz 0-0: Foul Ball, location: 2F
0-1: Ball
1-1: Ball
2-1: Ball
3-1: Called Strike
3-2: SINGLE (Line Drive, 89S, EV 99.4 MPH)
Tony Wichmann to third
Runner from 3rd tries for Home, SAFE, throw by RF to home
Batting: RHB Juan Izquierdo 0-0: Called Strike
0-1: Swinging Strike
0-2: SINGLE (Groundball, 6D, EV 102.5 MPH)
Asher Wurtz to second
Batting: RHB Adam Young 0-0: Ball
1-0: DOUBLE (Flyball, 89D, EV 101.3 MPH)
Asher Wurtz scores
Juan Izquierdo to third
Batting: LHB Rey Esparza 0-0: Called Strike
0-1: Called Strike
0-2: SINGLE (Groundball, 34D, EV 110.0 MPH)
Juan Izquierdo scores
Adam Young to third
Runner from 3rd tries for Home, SAFE, throw by RF to home
Pitching: RHP Ian Gatta
Batting: LHB Tony Patino 0-0: Called Strike
0-1: Foul Ball, location: 2LF
0-2: Ball
1-2: Ball
2-2: Fly out, F9 (Flyball, 89M, EV 85.6 MPH)
Top of the 4th over - 4 runs, 5 hits, 0 errors, 1 left on base; Vancouver 5 - St. Louis 8
BOTTOM OF THE 4TH
St. Louis Cardinals batting - Pitching for Vancouver Cascades : RHP Fulgencio Ochoa
Batting: RHB Edward Lepak 0-0: Ground out 4-3 (Groundball, 4S, EV 88.8 MPH)
Batting: RHB Dan Moore 0-0: Called Strike
0-1: Ball
1-1: Ball
2-1: Foul Ball, location: 2F
2-2: Ground out 5-3 (Groundball, 56, EV 103.8 MPH)
Batting: SHB Sammy Horgan 0-0: SINGLE (Groundball, 4MD, EV 90.6 MPH) (infield hit)
Batting: RHB Paco Paredes 0-0: Ball
Sammy Horgan steals 2nd base
1-0: Ball
2-0: Called Strike
2-1: SINGLE (Groundball, 6MD, EV 105.0 MPH)
Sammy Horgan to third
Runner from 3rd tries for Home, SAFE, throw by CF to home
Batting: LHB Josef Rosendorff 0-0: Ground out 4-3 (Groundball, 4, EV 78.8 MPH)
Bottom of the 4th over - 1 run, 2 hits, 0 errors, 1 left on base; Vancouver 5 - St. Louis 9
TOP OF THE 5TH
Vancouver Cascades batting - Pitching for St. Louis Cardinals : RHP Ian Gatta
Batting: LHB Lawrence Carla 0-0: Called Strike
0-1: Ball
1-1: Foul Ball, location: 2F
1-2: Strikes out swinging
Batting: LHB Tony Wichmann 0-0: Ball
1-0: Ball
2-0: Ball
3-0: Base on Balls
Batting: RHB Echo Warren 0-0: Foul Ball, location: 2F
0-1: Swinging Strike
0-2: Strikes out looking
Batting: SHB Beau Koss 0-0: Ball
1-0: Ball
2-0: Ball
3-0: Called Strike
3-1: Base on Balls
Tony Wichmann to second
Batting: SHB Asher Wurtz 0-0: Called Strike
0-1: Ground out U3 (Groundball, 23, EV 83.1 MPH)
Top of the 5th over - 0 runs, 0 hits, 0 errors, 2 left on base; Vancouver 5 - St. Louis 9
BOTTOM OF THE 5TH
St. Louis Cardinals batting - Pitching for Vancouver Cascades : RHP Fulgencio Ochoa
Batting: SHB Lucas Cavanaugh 0-0: Ball
1-0: Called Strike
1-1: Ball
2-1: Called Strike
2-2: Strikes out swinging
Batting: LHB Marcus Jones 0-0: Ball
1-0: Ball
2-0: Ball
3-0: Called Strike
3-1: Foul Ball, location: 7LSF
3-2: Base on Balls
Batting: SHB Joseph Mitchell 0-0: Swinging Strike
0-1: Foul Ball, location: 3F
0-2: Foul Ball, location: 9LMF
0-2: DOUBLE (Line Drive, 3D, EV 109.4 MPH)
Marcus Jones to third
Runner from 3rd tries for Home, SAFE, no throw by RF
Batting: RHB Bobby Grimm 0-0: Called Strike
0-1: Foul Ball, location: 9LSF
0-2: Foul Ball, location: 2F
0-2: Foul Ball, location: 2F
0-2: Ground out 4-3 (Groundball, 4S, EV 65.0 MPH)
Joseph Mitchell to third
Batting: RHB Edward Lepak 0-0: Foul Ball, location: 3FF
0-1: Foul Ball, location: 2F
0-2: Ball
1-2: Foul Ball, location: 3FF
1-2: Ball
2-2: Ground out 4-3 (Groundball, 4, EV 104.4 MPH)
Bottom of the 5th over - 1 run, 1 hit, 0 errors, 1 left on base; Vancouver 5 - St. Louis 10
TOP OF THE 6TH
Vancouver Cascades batting - Pitching for St. Louis Cardinals : RHP Ian Gatta
Batting: RHB Juan Izquierdo 0-0: Ball
1-0: Swinging Strike
1-1: Ball
2-1: Foul Ball, location: 9LDF
2-2: Ball
3-2: Foul Ball, location: 7LSFF
3-2: Strikes out swinging
Batting: RHB Adam Young 0-0: Ball
1-0: Foul Ball, location: 9LDF
1-1: Ball
2-1: Ball
3-1: Ground out 4-3 (Groundball, 4, EV 101.9 MPH)
Batting: LHB Rey Esparza 0-0: Fly out, F5 (Popup, 5F, EV 60.0 MPH)
Top of the 6th over - 0 runs, 0 hits, 0 errors, 0 left on base; Vancouver 5 - St. Louis 10
BOTTOM OF THE 6TH
St. Louis Cardinals batting - Pitching for Vancouver Cascades : RHP Fulgencio Ochoa
Pitching: LHP Vincent Dion
Batting: RHB Dan Moore 0-0: Ball
1-0: Swinging Strike
1-1: Foul Ball, location: 25FF
1-2: Ball
2-2: Ground out 3-1 (Groundball, 34, EV 82.5 MPH)
Batting: SHB Sammy Horgan 0-0: Ball
1-0: Swinging Strike
1-1: Called Strike
1-2: Ball
2-2: Strikes out swinging
Batting: RHB Paco Paredes 0-0: Called Strike
0-1: Ball
1-1: Ball
2-1: Swinging Strike
2-2: Ball
3-2: Strikes out swinging
Bottom of the 6th over - 0 runs, 0 hits, 0 errors, 0 left on base; Vancouver 5 - St. Louis 10
TOP OF THE 7TH
Vancouver Cascades batting - Pitching for St. Louis Cardinals : RHP Ian Gatta
Batting: LHB Tony Patino 0-0: Ball
1-0: Called Strike
1-1: Ball
2-1: Called Strike
2-2: Ball
3-2: Base on Balls
Batting: LHB Lawrence Carla 0-0: Ball
1-0: Ball
2-0: Ball
3-0: Base on Balls
Tony Patino to second
Pitching: LHP Josef O'Hara
Batting: LHB Tony Wichmann 0-0: Called Strike
0-1: Ball
1-1: Ball
2-1: Called Strike
2-2: Fly out, F7 (Flyball, 7LM, EV 92.5 MPH)
Batting: RHB Echo Warren 0-0: Ball
1-0: Ball
2-0: Foul Ball, location: 7LMF
2-1: Swinging Strike
2-2: Ball
3-2: Foul Ball, location: 5FF
3-2: Foul Ball, location: 23F
3-2: Grounds into double play, 5-4-3 (Groundball, 56, EV 90.0 MPH)
Top of the 7th over - 0 runs, 0 hits, 0 errors, 1 left on base; Vancouver 5 - St. Louis 10
BOTTOM OF THE 7TH
St. Louis Cardinals batting - Pitching for Vancouver Cascades : LHP Vincent Dion
Batting: LHB Josef Rosendorff 0-0: Ball
1-0: Fly out, F8 (Flyball, 8LXD, EV 103.8 MPH)
Batting: SHB Lucas Cavanaugh 0-0: Fly out, F9 (Flyball, 89S, EV 88.8 MPH)
Batting: LHB Marcus Jones 0-0: Fly out, F7 (Flyball, 7, EV 92.5 MPH)
Bottom of the 7th over - 0 runs, 0 hits, 0 errors, 0 left on base; Vancouver 5 - St. Louis 10
TOP OF THE 8TH
Vancouver Cascades batting - Pitching for St. Louis Cardinals : LHP Josef O'Hara
Pitching: RHP Skip Unruh
Batting: SHB Beau Koss 0-0: Called Strike
0-1: Ball
1-1: SOLO HOME RUN (Flyball, 7LD, EV 98.1 MPH), Distance : 352 ft
Batting: SHB Asher Wurtz 0-0: Foul Ball, location: 2F
0-1: Foul Ball, location: 7LSF
0-2: Foul Ball, location: 2F
0-2: Ball
1-2: Strikes out swinging
Batting: RHB Juan Izquierdo 0-0: Ball
1-0: Ball
2-0: Swinging Strike
2-1: Ball
3-1: Base on Balls
Batting: RHB Adam Young 0-0: Ball
1-0: Ball
2-0: Swinging Strike
2-1: Grounds into double play, 4-6-3 (Groundball, 4M, EV 80.0 MPH)
Top of the 8th over - 1 run, 1 hit, 0 errors, 0 left on base; Vancouver 6 - St. Louis 10
BOTTOM OF THE 8TH
St. Louis Cardinals batting - Pitching for Vancouver Cascades : LHP Vincent Dion
Batting: SHB Joseph Mitchell 0-0: Ball
1-0: Called Strike
1-1: Foul Ball, location: 2F
1-2: Strikes out looking
Batting: RHB Bobby Grimm 0-0: SINGLE (Line Drive, 9LM, EV 97.5 MPH)
Batting: RHB Edward Lepak 0-0: Ball
1-0: Swinging Strike
1-1: Ball
2-1: Ball
3-1: Called Strike
3-2: Base on Balls
Bobby Grimm to second
Batting: RHB Dan Moore 0-0: Ball
1-0: Swinging Strike
1-1: Grounds into double play, 4-6-3 (Groundball, 4, EV 110.6 MPH)
Bottom of the 8th over - 0 runs, 1 hit, 0 errors, 1 left on base; Vancouver 6 - St. Louis 10
TOP OF THE 9TH
Vancouver Cascades batting - Pitching for St. Louis Cardinals : RHP Skip Unruh
Batting: LHB Rey Esparza 0-0: Ball
1-0: Ball
2-0: Called Strike
2-1: SINGLE (Groundball, 3S, EV 73.1 MPH) (infield hit)
Batting: LHB Tony Patino 0-0: Ball
1-0: Swinging Strike
1-1: Foul Ball, location: 23F
1-2: Ball
2-2: Ball
3-2: Foul Ball, location: 2F
3-2: Foul Ball, location: 3FF
3-2: Foul Ball, location: 2F
3-2: Fielders Choice at 2nd, 4-6 (Groundball, 4, EV 85.6 MPH)
Batting: LHB Lawrence Carla 0-0: Foul Ball, location: 9LMFF
0-1: Ball
1-1: Swinging Strike
1-2: Ball
2-2: Ball
3-2: Foul Ball, location: 23F
3-2: Base on Balls
Tony Patino to second
Pitching: RHP Mal Tanner
Batting: LHB Tony Wichmann 0-0: Ball
1-0: Foul Ball, location: 23F
1-1: Foul Ball, location: 2F
1-2: Strikes out swinging
Batting: RHB Echo Warren 0-0: Foul Ball, location: 9LSF
0-1: Called Strike
0-2: Strikes out swinging
Top of the 9th over - 0 runs, 1 hit, 0 errors, 2 left on base; Vancouver 6 - St. Louis 10
Monday, April 22nd , 2024 - OOTP Baseball 24.11 Build 85